 Dungeon Crawl Stone Soup version 0.20.0 (webtiles) character file.

5363 SpeedrunTech the Cleaver (level 10, -2/144 HPs)
             Began as a Minotaur Berserker on June 11, 2017.
             Was a Priest of Trog.
             Slain by an 11-headed hydra (11 damage)
             ... on level 1 of the Lair of Beasts.
             The game lasted 00:03:17 (3725 turns).

SpeedrunTech the Cleaver (Minotaur Berserker)       Turns: 3725, Time: 00:03:17

Health: -2/144     AC:  7    Str: 29    XL:     10   Next: 39%
Magic:  9/9        EV: 11    Int:  5    God:    Trog [***...]
Gold:   29         SH:  0    Dex: 10    Spells: 9/9 levels left

rFire    . . .     SeeInvis .   i - +0 war axe (elec)
rCold    . . .     Gourm    .   (no shield)
rNeg     . . .     Faith    .   e - +1 ring mail
rPois    .         Spirit   .   (helmet restricted)
rElec    .         Reflect  .   k - +0 cloak
rCorr    .         Harm     .   (no gloves)
MR       ++...                  (no boots)
Stlth    ..........             o - amulet of regeneration
Regen    1.8/turn               (no ring)
MPRegen  0.2/turn               (no ring)

@: mighty, berserking, lethally poisoned (-2 -> -7), regenerating, very quick
A: retaliatory headbutt, horns 2
a: Berserk, Trog's Hand, Burn Spellbooks, Renounce Religion


You were on level 1 of the Lair of Beasts.
You worshipped Trog.
Trog was most pleased with you.
You were very hungry.

You visited 2 branches of the dungeon, and saw 10 of its levels.

You collected 133 gold pieces.
You spent 104 gold pieces at shops.

Inventory:

Hand Weapons
 i - a +0 war axe of electrocution (weapon)
 y - the +1 trident of Corporal Punishment {venom, SInv}
   (You found it on level 6 of the Dungeon)

   It poisons the flesh of those it strikes.
   It lets you see invisible.
Armour
 b - a +0 animal skin
 d - the +3 hat of Pondering {ponderous, MR+ MP+10 Int+5}
   (You took it off Gastronok on level 8 of the Dungeon)

   It affects your intelligence (+5).
   It affects your resistance to hostile enchantments.
   It affects your magic capacity (+10).
 e - a +1 ring mail (worn)
 k - a +0 cloak (worn)
Jewellery
 m - an uncursed ring of fire
 o - an amulet of regeneration (around neck)
Scrolls
 a - a scroll of magic mapping {unknown}
 j - a scroll of enchant weapon
 l - a scroll of fear {unknown}
Potions
 f - a potion of degeneration {!q!q}
 g - 3 potions of curing
 n - a potion of invisibility {unknown}
 r - a potion of ambrosia {unknown}
 t - a potion of magic {unknown}
 A - a potion of resistance {unknown}
Comestibles
 c - 2 bread rations
 h - a meat ration
 p - a fruit
 q - a chunk of flesh
 v - 2 royal jellies


   Skills:
 + Level 11.2 Fighting
 * Level 14.7 Axes
 - Level 2.4 Armour
 - Level 2.1 Dodging


You had 9 spell levels left.
You didn't know any spells.

Dungeon Overview and Level Annotations

Branches:
Dungeon (9/15)               Lair (1/6) D:9
 Temple: D:4-7          Orc: D:9-12

Altars:
Fedhas
Okawaru

Shops:
D:4 !   D:5 !

Annotations:
D:8 Maurice


Innate Abilities, Weirdness & Mutations

You reflexively headbutt those who attack you in melee.
You have a pair of horns on your head.


Message History

The nine-headed hydra grows two more!
You slice the 11-headed hydra!!
Your headbutt misses the 11-headed hydra.
The 11-headed hydra is heavily wounded.
You miss the killer bee. You hit the killer bee.
You barely miss the killer bee. You closely miss the killer bee. x2
You slash the killer bee!
You feel sick. The killer bee stings you.
* * * LOW HITPOINT WARNING * * *
The killer bee stings you.
* * * LOW HITPOINT WARNING * * *
The killer bee barely misses you.
The blink frog blinks!
The killer bee misses you. x2; The 11-headed hydra bites you.
* * * LOW HITPOINT WARNING * * *
The 11-headed hydra bites you!
* * * LOW HITPOINT WARNING * * *
The 11-headed hydra bites you!
* * * LOW HITPOINT WARNING * * *
The 11-headed hydra closely misses you.
The 11-headed hydra bites you but does no damage. x2
The 11-headed hydra bites you!
You die...

###.......#.#
#...≈≈≈≈....#
#..≈≈≈≈≈≈≈..#.
##.≈≈≈≈≈≈≈≈....
#.≈≈≈≈≈≈≈≈≈..#.
.##.≈≈≈yyy≈≈≈y...
....≈≈y≈yy≈≈≈#%%.
....≈.y@yyy≈....%
......Dyyyy..+..y
§...FF.yyy.#.#
.........#.....
.F.......+.##..yy
.....§...### !%.
.........# y.
.........#


You could see a 11-headed hydra, 3 blink frogs and 18 killer bees.

Vanquished Creatures
  Gastronok (D:8)
  Erica (D:8)
  A two-headed ogre (D:8)
  Joseph (D:8)
  4 yaks (D:9)
  Menkaure (D:4)
  A water moccasin (D:9)
  An ice beast (D:6)
  A phantom (D:8)
  A sky beast (D:8)
  A centaur (D:9)
  A bullfrog (D:9)
  3 scorpions
  6 killer bees
  2 crimson imps (D:8)
  A quasit (D:6)
  A bullfrog zombie (D:6)
  2 orc priests
  A bullfrog skeleton (D:9)
  8 orc wizards
  3 worker ants
  4 adders
  A shadow imp (D:6)
  An adder zombie (D:9)
  2 worms
  A dart slug (D:3)
  4 leopard geckos
  22 orcs
  2 giant cockroaches
  3 goblins
  2 hobgoblins
  2 quokkas
  2 ball pythons
  6 bats
  A frilled lizard (D:5)
  A leopard gecko skeleton (D:5)
  A leopard gecko zombie (D:8)
  3 rats
100 creatures vanquished.

Notes
Turn   | Place    | Note
-------+----------+-------------------------------------------
     0 | D:1      | SpeedrunTech the Minotaur Berserker began the quest for the Orb.
     0 | D:1      | Reached XP level 1. HP: 19/19 MP: 0/0
   154 | D:2      | Reached skill level 4 in Axes
   169 | D:2      | Reached XP level 2. HP: 25/27 MP: 1/1
   323 | D:3      | Reached XP level 3. HP: 17/33 MP: 2/2
   529 | D:4      | Reached ** piety under Trog
   529 | D:4      | Reached skill level 5 in Axes
   530 | D:4      | Found Ufri's Distillery.
   764 | D:4      | Bought a potion of heal wounds for 60 gold pieces
   785 | D:4      | Reached XP level 4. HP: 41/41 MP: 3/3
   786 | D:4      | Noticed Menkaure
   791 | D:4      | Killed Menkaure
   791 | D:4      | Reached skill level 5 in Fighting
   791 | D:4      | Reached skill level 6 in Axes
   791 | D:4      | Reached XP level 5. HP: 19/48 MP: 4/4
  1198 | D:4      | Reached skill level 7 in Axes
  1198 | D:4      | Reached XP level 6. HP: 38/57 MP: 5/5
  1467 | D:5      | Entered Level 5 of the Dungeon
  1487 | D:5      | Found Vejots's Distillery.
  1495 | D:5      | Bought a potion of might for 44 gold pieces
  1521 | D:6      | Found a blossoming altar of Fedhas.
  1596 | D:6      | Noticed an ice beast
  1604 | D:6      | Killed an ice beast
  1609 | D:6      | Got a crystal trident
  1612 | D:6      | Identified the cursed +1 trident of Corporal Punishment {venom, SInv} (You found it on level 6 of the Dungeon)
  1651 | D:6      | Noticed a moth of wrath
  1672 | D:6      | Reached skill level 8 in Axes
  1722 | D:7      | Reached XP level 7. HP: 43/63 MP: 6/6
  2057 | D:8      | Noticed Gastronok
  2075 | D:8      | Killed Gastronok
  2075 | D:8      | Reached skill level 12 in Axes
  2075 | D:8      | Reached XP level 8. HP: 50/78 MP: 7/7
  2075 | D:8      | Reached XP level 9. HP: 53/83 MP: 8/8
  2419 | D:8      | Found an iron altar of Okawaru.
  2420 | D:8      | Noticed Maurice
  2421 | D:8      | Noticed Erica
  2429 | D:8      | Killed Erica
  2429 | D:8      | Reached skill level 13 in Axes
  2567 | D:8      | Noticed Joseph
  2579 | D:8      | Killed Joseph
  2579 | D:8      | Reached skill level 10 in Fighting
  2951 | D:8      | Noticed a two-headed ogre
  2954 | D:8      | Killed a two-headed ogre
  2954 | D:8      | Reached XP level 10. HP: 93/94 MP: 9/9
  3190 | D:8      | Reached skill level 14 in Axes
  3414 | D:9      | Reached *** piety under Trog
  3683 | D:9      | Found a staircase to the Lair.
  3717 | Lair:1   | Entered Level 1 of the Lair of Beasts
  3718 | Lair:1   | Noticed an eight-headed hydra
  3725 | Lair:1   | HP: 9/144 [11-headed hydra (12)]
  3725 | Lair:1   | Slain by an 11-headed hydra

Skill      XL: |  1  2  3  4  5  6  7  8  9 10 |
---------------+-------------------------------+-----
Axes           | 4 5 6 7 8 12 13 14 | 14.7
Fighting       | 4 5 6 9 10 11 | 11.2
Armour         | |  2.4
Dodging        | |  2.1

Action                   |  1- 3 |  4- 6 |  7- 9 | 10-12 || total
-------------------------+-------+-------+-------+-------++-------
Melee: Hand axe          |    49 |    13 |     1 |       ||    63
       Headbutt          |     1 |     5 |    15 |    10 ||    31
       War axe           |       |    19 |    63 |    58 ||   140
       Trident           |       |    12 |    18 |       ||    30
Invok: Berserk           |     1 |     3 |     3 |     5 ||    12
       Trog's Hand       |       |       |     1 |     2 ||     3
  Use: Scroll            |       |    11 |     2 |       ||    13
       Potion            |       |       |       |     1 ||     1
 Stab: Sleeping          |     1 |       |       |       ||     1
  Eat: Chunk             |       |     5 |     2 |     4 ||    11
       Bread ration      |       |       |     2 |       ||     2
Armor: Animal skin       |     7 |       |       |       ||     7
       Ring mail         |    15 |    28 |    14 |    31 ||    88
Dodge: Dodged            |    38 |    38 |    25 |    46 ||   147
